 Dungeon Crawl Stone Soup version 0.26-a0-651-gb41185065b (webtiles) character file.

Game seed: 15309722255459398360

15128 Ozzies the Thaumaturge (level 11, -3/61 HPs)
             Began as a Deep Elf Conjurer on Oct 5, 2020.
             Was an Elder of Vehumet.
             Slain by an unseen horror (8 damage)
             ... on level 13 of the Dungeon.
             The game lasted 00:43:01 (16201 turns).

Ozzies the Thaumaturge (Deep Elf Conjurer)         Turns: 16201, Time: 00:43:01

Health: -3/61      AC:  8    Str:  7    XL:     11   Next: 97%
Magic:  15/30      EV: 13    Int: 27    God:    Vehumet [****..]
Gold:   563        SH:  0    Dex: 13    Spells: 30/37 levels left

rFire    + . .     SeeInvis .   f - +3 dagger (drain)
rCold    . . .     Faith    .   (no shield)
rNeg     . . .     Spirit   .   J - +2 robe {Archmagi}
rPois    .         Reflect  .   i - +0 helmet
rElec    .         Harm     .   (no cloak)
rCorr    .         Rampage  .   e - +1 pair of gloves {Str+3}
MR       +....                  D - +0 pair of boots
Stlth    +++.......             (no amulet)
HPRegen  0.20/turn              q - ring of protection from fire
MPRegen  0.22/turn              u - ring of stealth

@: marked
A: no striking features
a: Renounce Religion


You were on level 13 of the Dungeon.
You worshipped Vehumet.
Vehumet was greatly pleased with you.
You visited 2 branches of the dungeon, and saw 14 of its levels.

You collected 563 gold pieces.

Inventory:

Hand Weapons
 f - a +3 dagger of draining (weapon)
Armour
 a - a +0 robe
 e - a +1 pair of gloves of strength (worn)
 i - a +0 helmet (worn)
 n - a +0 animal skin
 p - +0 swamp dragon scales
 w - a +0 kite shield
 D - a +0 pair of boots (worn)
 J - a +2 robe of the Archmagi (worn)
 M - a +2 robe of magic resistance
Jewellery
 q - a ring of protection from fire (left hand)
 u - a ring of stealth (right hand)
 v - an uncursed ring of resist corrosion
 y - an uncursed ring of positive energy
 G - an uncursed ring of ice {unknown}
Wands
 z - a wand of enslavement (16)
 A - a wand of paralysis (5)
 F - a wand of iceblast (11)
 H - a wand of polymorph (7)
Scrolls
 b - 9 scrolls of teleportation {@r3 !r}
 c - 3 scrolls of enchant armour
 d - 5 scrolls of identify {@r1}
 g - 3 scrolls of magic mapping
 h - 5 scrolls of immolation
 l - 2 scrolls of amnesia
 s - a scroll of fear {!r}
 t - 3 scrolls of remove curse {@r2}
 x - a scroll of blinking {@r4}
 K - a scroll of fog {unknown}
Potions
 j - a potion of degeneration {unknown}
 k - a potion of heal wounds {@q2 !q}
 m - a potion of stabbing {unknown}
 o - 4 potions of curing {@q1 !q}
 r - 6 potions of haste {@q4 !q}
 B - 2 potions of flight
 C - a potion of mutation {unknown}
 E - 2 potions of lignification
 I - a potion of brilliance {unknown}
 L - a potion of might {unknown}


   Skills:
 - Level 4.0 Fighting
 - Level 3.0 Dodging
 - Level 3.0 Stealth
 - Level 4.0 Shields
 + Level 13.9 Spellcasting
 + Level 13.4 Conjurations
 + Level 9.0 Evocations


You had 30 spell levels left.
You knew the following spells:

 Your Spells              Type           Power        Failure   Level
a - Magic Dart            Conj           ####         0%          1
b - Searing Ray           Conj           ######       0%          2
c - Iskenderun's Mystic   Conj/Tloc      ######..     1%          4

Your spell library contained the following spells:

 Spells                   Type           Power        Failure   Level
 Inner Flame              Hex/Fire       ####....     2%          3
 Conjure Flame            Conj/Fire      ######..     1%          3
 Dazzling Flash           Conj/Hex       ######       1%          3
 Mephitic Cloud           Conj/Pois/Air  ######..     1%          3
 Fulminant Prism          Conj/Hex       ######....   1%          4
 Blink                    Tloc           N/A          4%          2
 Call Imp                 Summ           ####....     4%          2
 Slow                     Hex            ####....     4%          2


Dungeon Overview and Level Annotations

Branches:
Dungeon (13/15)            Temple (1/1) D:4            Lair (0/6) D:8
    Orc (0/2) D:12
 Vaults: D:13-14

Altars:
Ashenzari
Cheibriados
Dithmenos
Elyvilon
Fedhas
Gozag
Hepliaklqana
Kikubaaqudgha
Makhleb
Nemelex Xobeh
Okawaru
Qazlal
Ru
Sif Muna
Trog
Uskayaw
Vehumet
Wu Jian
Xom
Yredelemnul
Zin
The Shining One

Shops:
D:6 (   D:8 [

Annotations:
D:1 exclusion: 2 downstairs
D:8 exclusion: 2 downstairs


Message History

A sentinel's mark forms upon you.
A kobold comes into view.
A big kobold comes into view.
You hear a screech!
You hear a shout! x7
Casting: Searing Ray (safe; 0% risk of failure)
Confirm with . or Enter, or press ? or * to list all spells.
Aiming: Magic Dart (safe; 0% risk of failure)
Press: ? - help, Shift-Dir - straight line, f - kobold
Aim: a kobold You feel a surge of power!
The magic dart hits the kobold!
You kill the kobold!
Vehumet accepts your kill.
An orc comes into view. It is wielding a +0 whip.
Casting: Magic Dart (safe; 0% risk of failure)
Confirm with . or Enter, or press ? or * to list all spells.
Aiming: Searing Ray (safe; 0% risk of failure)
Press: ? - help, Shift-Dir - straight line, f - orc
Aim: an orc, wielding a +0 whip You feel a surge of power!
The searing ray hits the orc!
You kill the orc!
Vehumet accepts your kill. (Press . to maintain the ray.)
A kobold comes into view. It is wielding a +0 whip.
An orc wizard comes into view. It is wielding a +0 dagger.
An orc comes into view.
The searing ray hits the orc!
You kill the orc!
Vehumet accepts your kill.
You feel your power returning.
A worker ant comes into view.
An orc wizard comes into view. It is wielding a +0 dagger.
A kobold comes into view.
The searing ray hits something!
You finish channeling your searing ray.
Something barely misses you. Something hits you.
Deactivating autopickup; reactivate with Ctrl-A.
Something hits you.
An orc comes into view. It is wielding a +0 dagger.
An orc comes into view.
Casting: Searing Ray (safe; 0% risk of failure)
Confirm with . or Enter, or press ? or * to list all spells.
Aiming: Magic Dart (safe; 0% risk of failure)
Press: ? - help, Shift-Dir - straight line, f - orc
Aim: an orc, wielding a +0 dagger You feel a surge of power!
The magic dart hits something but does no damage.
Something hits you! Something hits you. x2
A deep elf mage comes into view. It is wielding a +0 dagger of freezing.
Casting: Magic Dart (safe; 0% risk of failure)
Confirm with . or Enter, or press ? or * to list all spells.
You feel a surge of power!
You erupt in a blast of force!
The mystic blast hits the kobold!!
You kill the kobold!
Vehumet accepts your kill.
You feel your power returning.
The mystic blast hits the orc!!
You kill the orc!
Vehumet accepts your kill.
The mystic blast hits the deep elf mage!
The deep elf mage is lightly wounded.
The deep elf mage is knocked back by the mystic blast.
Something hits you. x3
An orc comes into view. It is wielding a +0 dagger.
The orc wizard casts a spell.
The orc wizard flickers and vanishes!
Casting: Iskenderun's Mystic Blast (dangerous; 1% risk of failure)
Confirm with . or Enter, or press ? or * to list all spells.
Aiming: Searing Ray (safe; 0% risk of failure)
Press: ? - help, Shift-Dir - straight line, f - big kobold
Aim: a big kobold You feel a surge of power!
The searing ray hits something!
The searing ray hits the big kobold.
The big kobold is lightly wounded. (Press . to maintain the ray.)
Something barely misses you. Something hits you!
* * * LOW HITPOINT WARNING * * *
Something hits you but does no damage.
The deep elf mage gestures wildly while chanting.
The deep elf mage blinks!
Casting: Searing Ray (safe; 0% risk of failure)
Confirm with . or Enter, or press ? or * to list all spells.
You feel a surge of power!
You erupt in a blast of force!
The mystic blast hits the kobold!
You kill the kobold!
Vehumet accepts your kill.
You feel your power returning.
The mystic blast hits the orc wizard!
You kill the orc wizard!
Vehumet accepts your kill.
The mystic blast hits the worker ant.
The worker ant is moderately wounded.
The worker ant is knocked back by the mystic blast.
The worker ant slams into the rock wall!
Something hits you.
* * * LOW HITPOINT WARNING * * *
Something hits you but does no damage.
A sky beast comes into view.
Something hits you.
* * * LOW HITPOINT WARNING * * *
A centaur comes into view.
Something hits you.
* * * LOW HITPOINT WARNING * * *
Something hits you!
You die...

......#
......#
......#
......#
.......
####Yc.....
#@.††.[...#
#.#.......#
#..Ka..#######
...))(.##
......o.#
..†....o.
.........
.....>....
.......


You could see a sky beast, a centaur, a worker ant, 2 orcs and a kobold.

Vanquished Creatures
  Erolcha (D:9)
  A hydra (D:12)
  A centaur warrior (D:10)
  Urug (D:10)
  Pikel (D:9)
  A wizard (D:12)
  2 ugly things (D:12)
  2 manticores
  An elephant (D:7)
  A centaur zombie (D:11)
  Psyche (D:8)
  Maggie (D:7)
  A hornet (D:8)
  3 hippogriffs
  A shadow (D:12)
  2 wraiths
  2 basilisks
  8 yaks
  2 water moccasins
  6 orc warriors
  3 ice beasts
  5 phantoms
  3 ogres
  The ghost of PanSaczeczos the Insei, an amateur DsTm of Makhleb (D:3)
  2 crocodiles
  A lemure (D:9)
  5 centaurs
  2 big kobolds
  8 bullfrogs
  A water moccasin zombie (D:10)
  5 scorpions
  3 killer bees
  20 wights
  2 howler monkeys
  A bullfrog zombie (D:10)
  A hound (D:7)
  8 orc priests
  4 jellies
  2 quasits
  A bullfrog skeleton (D:12)
  Natasha (thrice) (D:2)
  5 iguanas
  17 orc wizards
  6 worker ants
  Terence (D:3)
  2 killer bee zombies
  A hound zombie (D:8)
  2 worker ant zombies
  Robin (D:2)
  18 adders
  8 gnolls
  A shadow imp (D:8)
  3 white imps
  2 ufetubi
  An adder zombie (D:5)
  4 worms
  2 dart slugs
  7 leopard geckos
  69 orcs
  9 bats
  7 giant cockroaches
  13 goblins
  7 hobgoblins
  12 jackals
  6 quokkas
  3 ball pythons
  A frilled lizard (D:1)
  23 kobolds
  6 rats
357 creatures vanquished.

Vanquished Creatures (others)
  2 fungi (D:8)
  12 plants
14 creatures vanquished.

Grand Total: 371 creatures vanquished

Notes
Turn   | Place    | Note
-------+----------+-------------------------------------------
     0 | D:1      | Ozzies the Deep Elf Conjurer began the quest for the Orb.
     0 | D:1      | Reached XP level 1. HP: 10/10 MP: 6/6
   219 | D:1      | Reached XP level 2. HP: 15/15 MP: 5/8
   957 | D:2      | Reached XP level 3. HP: 18/19 MP: 2/10
  1278 | D:2      | Reached skill level 5 in Conjurations
  1358 | D:1      | Reached XP level 4. HP: 4/24 MP: 3/12
  1641 | D:2      | Noticed Robin
  1783 | D:2      | Killed Robin
  1986 | D:2      | Noticed Natasha
  1995 | D:2      | Learned a level 2 spell: Searing Ray
  1996 | D:2      | Reached skill level 5 in Spellcasting
  2000 | D:2      | Killed Natasha
  2000 | D:2      | Reached XP level 5. HP: 9/28 MP: 2/14
  2250 | D:2      | Noticed Natasha
  2253 | D:2      | Killed Natasha
  2448 | D:2      | Noticed Natasha
  2454 | D:2      | Killed Natasha
  2526 | D:2      | Found a faded altar of an unknown god.
  3009 | D:3      | Noticed Terence
  3014 | D:3      | Killed Terence
  3282 | D:3      | Reached XP level 6. HP: 32/32 MP: 14/17
  3726 | D:3      | Found a large runed translucent door.
  3726 | D:3      | Found a large runed translucent door.
  3726 | D:3      | Noticed PanSaczeczos's ghost (amateur DsTm)
  3819 | D:3      | Killed PanSaczeczos's ghost
  4209 | D:4      | Reached XP level 7. HP: 33/36 MP: 10/19
  4376 | D:4      | Found a staircase to the Ecumenical Temple.
  4382 | Temple   | Entered the Ecumenical Temple
  4558 | Temple   | Became a worshipper of Vehumet
  5060 | D:5      | Entered Level 5 of the Dungeon
  5128 | D:5      | Found a shimmering altar of Xom.
  5203 | D:5      | Reached skill level 1 in Shields
  5315 | D:5      | Reached skill level 1 in Fighting
  5921 | D:5      | Reached XP level 8. HP: 29/43 MP: 13/22
  6145 | D:6      | Reached * piety under Vehumet
  6145 | D:6      | Offered knowledge of Shock by Vehumet.
  6293 | D:6      | Found Iptar's Antique Weapon Emporium.
  6507 | D:6      | Found a sacrificial altar of Ru.
  7162 | D:7      | Noticed Maggie
  7180 | D:7      | Killed Maggie
  7180 | D:7      | Reached skill level 1 in Evocations
  7359 | D:7      | Reached XP level 9. HP: 35/52 MP: 10/23
  8131 | D:7      | Offered knowledge of Foxfire by Vehumet.
  8357 | D:8      | Reached ** piety under Vehumet
  8565 | D:8      | Noticed Psyche
  8572 | D:8      | Killed Psyche
  8572 | D:8      | Reached skill level 10 in Spellcasting
  8658 | D:8      | Reached skill level 10 in Conjurations
  8698 | D:8      | Found a staircase to the Lair.
  8705 | D:8      | Reached skill level 5 in Evocations
  8717 | D:8      | Noticed an elephant
  8744 | D:7      | Killed an elephant
  8744 | D:7      | Reached XP level 10. HP: 34/56 MP: 3/26
  8874 | D:7      | HP: 1/56 [crocodile (4)]
  9382 | D:8      | Found Wyaquipn's Antique Armour Shop.
  9437 | D:8      | Paralysed by a hornet for 1 turns
 10099 | D:8      | Offered knowledge of Static Discharge by Vehumet.
 10510 | D:9      | Reached *** piety under Vehumet
 10743 | D:9      | Noticed Pikel
 10751 | D:9      | Killed Pikel
 10752 | D:9      | Noticed Erolcha
 10770 | D:9      | Killed Erolcha
 10776 | D:9      | Learned a level 4 spell: Iskenderun's Mystic Blast
 11427 | D:10     | Entered Level 10 of the Dungeon
 11429 | D:10     | Noticed a centaur warrior
 11445 | D:10     | Killed a centaur warrior
 11445 | D:10     | Reached XP level 11. HP: 31/61 MP: 13/29
 11601 | D:10     | Offered knowledge of Sticky Flame by Vehumet.
 11780 | D:10     | Noticed Urug
 11790 | D:10     | HP: 2/61 [Urug/javelin (20)]
 12095 | D:10     | Killed Urug
 14333 | D:12     | Noticed a white ugly thing
 14344 | D:12     | Killed a white ugly thing
 14834 | D:12     | Noticed a five-headed hydra
 15020 | D:12     | Reached **** piety under Vehumet
 15077 | D:12     | Offered knowledge of Inner Flame by Vehumet.
 15210 | D:12     | Found a staircase to the Orcish Mines.
 15242 | D:12     | Noticed a wizard
 15249 | D:12     | Killed a wizard
 15859 | D:12     | Noticed a red ugly thing
 15865 | D:12     | Killed a red ugly thing
 15910 | D:12     | Found an opulent altar of Gozag.
 15934 | D:12     | Found a shimmering altar of Xom.
 15934 | D:12     | Found a basalt altar of Yredelemnul.
 15936 | D:12     | Found a glowing silver altar of Zin.
 15936 | D:12     | Found a white marble altar of Elyvilon.
 15936 | D:12     | Found a sparkling altar of Nemelex Xobeh.
 15994 | D:12     | Killed a five-headed hydra
 16197 | D:13     | Noticed a deep elf mage
 16201 | D:13     | Slain by an unseen horror

Illustrated notes

Levels and vault maps discovered:
D:1:      ncdulo_halloftheorcs, layout_basic
D:2:      layout_loops_ring, chequers_ecumenical_altar_twisty, uniq_robin,
          uniq_natasha
D:3:      layout_rooms, ebering_ghost_disaster_area, uniq_terence
D:4:      layout_rooms, minmay_temple_entry_gardened_gates, st_stairs_5
D:5:      layout_rooms, lemuel_doored_altar
D:6:      layout_loops_ring, serial_shops, nicolae_shop_window_shopping,
          basic_altar
D:7:      layout_basic, uniq_maggie
D:8:      minmay_skewed_foursquare, layout_cave_pools, david_lair_generic,
          serial_shops, nicolae_shop_overgrown_old_shop, uniq_psyche
D:9:      layout_long_grid, serial_bayou_pond_e, uniq_pikel, uniq_erolcha
D:10:     layout_gridville, minmay_checkerbox, uniq_urug
D:11:     layout_loops_corners, serial_glass, glass_columns_a, glass_columns_b,
          glass_columns_a, glass_columns_b, glass_columns_a, glass_columns_b
D:12:     layout_loops_ring, hiddenorc1_lemuel, doesnt_xom_only_xom
D:13:     layout_rooms, cheibriados_altar_1
Temple:   compressed_dpeg_triangle_lava_temple

Skill      XL: |  1  2  3  4  5  6  7  8  9 10 11 |
---------------+----------------------------------+-----
Stealth        | 3 |  3.0
Dodging        | 3 |  3.0
Spellcasting   | 4 5 6 7 8 10 12 13 | 13.9
Conjurations   | 5 6 7 8 10 12 13 | 13.4
Shields        | 2 4 |  4.0
Fighting       | 1 4 |  4.0
Evocations     | 2 5 6 9 |  9.0

Action                   |  1- 3 |  4- 6 |  7- 9 | 10-12 || total
-------------------------+-------+-------+-------+-------++-------
Melee: Dagger            |     3 |     1 |       |       ||     4
 Cast: Magic Dart        |    64 |   122 |   192 |   202 ||   580
       Searing Ray       |       |    21 |    67 |   110 ||   198
       Iskenderun's Myst |       |       |       |    28 ||    28
Evoke: Wand              |       |       |       |     6 ||     6
  Use: Scroll            |       |       |    13 |     3 ||    16
       Potion            |       |       |     1 |       ||     1
Armor: Robe              |     7 |     2 |       |     6 ||    15
       Animal skin       |       |    14 |     6 |       ||    20
       Swamp dragon scal |       |       |    29 |    39 ||    68
Dodge: Dodged            |    19 |    37 |    54 |    60 ||   170
       Rpst.: Long sword |       |       |     4 |       ||     4

Table legend: (Time is in decaauts)
 A = Elapsed time spent in this place.
 B = Non-inter-level travel time spent in this place.
 C = Inter-level travel time spent in this place.
 D = Time resting spent in this place.
 E = Time spent auto-exploring this place.
 F = Levels seen in this place.
 G = Mean time per level.
                   A        B        C        D        E       F      G
               +--------+--------+--------+--------+--------+-----+--------+
         Total |  16225 |  15660 |    565 |   2207 |  11549 |  14 | 1158.9 |
       Dungeon |  16039 |  15512 |    527 |   2207 |  11402 |  13 | 1233.8 |
        Temple |    186 |    148 |     38 |      0 |    147 |   1 |  186.0 |
               +--------+--------+--------+--------+--------+-----+--------+

Top non-repeatable levels by time:
    D:12: 1803 daAuts
     D:8: 1703 daAuts
     D:7: 1640 daAuts
     D:2: 1540 daAuts
     D:9: 1383 daAuts
     D:1: 1363 daAuts
    D:10: 1310 daAuts
    D:11: 1147 daAuts
     D:3: 1060 daAuts
     D:6: 1048 daAuts
     D:5: 1018 daAuts
     D:4: 922 daAuts
  Temple: 186 daAuts
    D:13: 95 daAuts
